 Dungeon Crawl Stone Soup version 0.29.1-4-g47bece8355 (webtiles) character file.

Game seed: 12326218031115314677

2902 firemarshallily the Summoner (level 9, -1/69 HPs)
             Began as a Merfolk Summoner on Dec 7, 2022.
             Was a Follower of Sif Muna.
             Slain by an orc priest
             ... wielding a +0 flail
              (5 damage)
             ... on level 8 of the Dungeon.
             The game lasted 00:32:05 (8237 turns).

firemarshallily the Summoner (Merfolk Summoner)     Turns: 8237, Time: 00:32:06

Health: -1/69      AC: 15    Str:  9    XL:     9   Next: 78%
Magic:  7/20       EV: 12    Int: 18    God:    Sif Muna [*.....]
Gold:   50         SH:  0    Dex: 14    Spells: 10/23 levels left

rFire   . . .      SeeInvis +   k - +6 scythe (chaos)
rCold   . . .      Faith    .   (shield currently unavailable)
rNeg    + . .      Spirit   .   h - +3 leather armour {rN+}
rPois   +          Reflect  .   m - +2 helmet
rElec   .          Harm     .   C - +2 cloak
rCorr   .          Rampage  .   (no gloves)
Will    .....                   J - +2 pair of boots
Stlth   ++........              (no amulet)
HPRegen 0.21/turn               c - ring of poison resistance
MPRegen 0.17/turn               L - ring of see invisible

@: no status effects
A: (nimble swimmer 2), mertail
a: Renounce Religion, Channel Magic


You were on level 8 of the Dungeon.
You worshipped Sif Muna.
Sif Muna was aware of your devotion.
You visited 2 branches of the dungeon, and saw 9 of its levels.

You collected 398 gold pieces.
You spent 348 gold pieces at shops.

Inventory:

Hand Weapons
 k - a +6 scythe of chaos (weapon)
 A - a +3 short sword of freezing
Missiles
 f - 4 poisoned darts
 i - 34 stones
 o - 15 javelins
 u - 3 atropa-tipped darts
 x - 2 boomerangs
 K - a throwing net
Armour
 a - a +0 robe
 h - a +3 leather armour of positive energy (worn)
 l - a +1 leather armour of cold resistance
 m - a +2 helmet (worn)
 t - the +1 ring mail of Ufilifaps {Rampage rPois rF+ Slay+3}
   (You took it off a gnoll on level 2 of the Dungeon)

   Slay:      It affects your accuracy & damage with ranged weapons and melee
   (+3).
   rF:        It protects you from fire.
   rPois:     It protects you from poison.
   Rampage:   It bestows one free step when moving towards enemies.
 C - a +2 cloak (worn)
 I - a +0 buckler
 J - a +2 pair of boots (worn)
 M - a +1 leather armour of poison resistance
Jewellery
 c - a ring of poison resistance (left hand)
 L - a ring of see invisible (right hand)
Wands
 y - a wand of digging (3)
 G - a wand of iceblast (13)
Scrolls
 d - a scroll of blinking
 j - a scroll of vulnerability {unknown}
 r - 3 scrolls of fear
 w - 4 scrolls of teleportation
 D - a scroll of immolation
 F - 2 scrolls of magic mapping
 N - a scroll of identify
 O - a scroll of poison {unknown}
Potions
 b - a potion of magic
 e - 2 potions of flight {unknown}
 g - 2 potions of cancellation {unknown}
 n - a potion of lignification {unknown}
 p - a potion of mutation {unknown}
 q - a potion of attraction {unknown}
 s - a potion of ambrosia {unknown}
 v - a potion of might {unknown}
 z - 2 potions of heal wounds {unknown}
 B - 5 potions of curing {unknown}
 E - 3 potions of brilliance {unknown}
 H - 2 potions of invisibility


   Skills:
 + Level 6.0 Fighting
 + Level 3.2 Polearms
 - Level 2.6 Dodging
 - Level 2.1 Stealth
 * Level 7.8 Spellcasting
 * Level 9.2 Summonings


You had 10 spell levels left.
You knew the following spells:

 Your Spells              Type           Power      Damage    Failure   Level
a - Summon Small Mammal   Summ           100%       N/A       1%          1
b - Call Imp              Summ           40%        N/A       1%          2
c - Call Canine Familiar  Summ           40%        N/A       1%          3
d - Summon Guardian Gole  Hex/Summ       23%        N/A       6%          3
e - Summon Lightning Spi  Summ/Air       23%        N/A       22%         4

Your spell library contained the following spells:

 Spells                   Type           Power      Damage    Failure   Level
 Magic Dart               Conj           28%        1d4       14%         1
 Searing Ray              Conj           14%        2d5       22%         2
 Mephitic Cloud           Conj/Pois/Air  7%         N/A       38%         3
 Fulminant Prism          Conj/Hex       3%         3d6       80%         4
 Fireball                 Conj/Fire      3%         3d4       98%         5
 Starburst                Conj/Fire      3%         6d3       100%        6
 Ignition                 Fire           3%         3d4       100%        8


Dungeon Overview and Level Annotations

Branches:
Dungeon (8/15)             Temple (1/1) D:5
   Lair: D:8-11

Altars:
Ashenzari
Cheibriados
Dithmenos
Elyvilon
Fedhas
Gozag
Hepliaklqana
Kikubaaqudgha
Makhleb
Nemelex Xobeh
Okawaru
Qazlal
Ru
Sif Muna
Trog
Uskayaw
Vehumet
Wu Jian
Xom
Yredelemnul
Zin
The Shining One

Shops:
D:6 ((*[(


Innate Abilities, Weirdness & Mutations

((You are very nimble when in or above water. (Stealth+, EV+, Speed+++)))
Your lower body shifts to a powerful aquatic tail in water.


Message History

You reach to attack!
You hit the orc priest.
You kill the orc priest!
Sif Muna accepts your kill.
You hit the orc warrior but do no damage.
The orc warrior hits you with a +0 flail!
You slash the orc warrior! You burn the orc warrior.
The orc warrior is moderately wounded.
The orc priest begins to cast a cantrip, but forgets the words!
The orc warrior hits you with a +0 flail.
The orc priest hits you but does no damage.
The orc warrior hits you but does no damage.
Unknown command.
Casting: Call Canine Familiar (safe; 1% risk of failure)
Confirm with . or Enter, or press ? or * to list all spells.
The orc warrior closely misses you. The orc priest closely misses you.
You barely miss the orc warrior.
The orc warrior is moderately wounded.
Your hound closely misses the orc priest.
The orc warrior misses you.
The orc priest calls upon Beogh to heal the orc warrior.
The orc warrior is healed somewhat.
Your hound bites the orc priest.
Unknown command.
You barely miss the orc warrior.
The orc warrior is lightly wounded.
Your hound bites the orc priest.
The orc priest mumbles some strange prayers to Beogh against you.
Beogh smites you!
* * * LOW HITPOINT WARNING * * *
The orc warrior hits you with a +0 flail.
* * * LOW HITPOINT WARNING * * *
Your hound bites the orc priest.
The orc priest hits your hound with a +0 flail.
The orc warrior hits you but does no damage.
You hit the orc warrior.
The orc warrior seems to grow stronger.
The orc warrior is moderately wounded.
Your hound closely misses the orc priest.
The orc warrior hits you with a +0 flail!
* * * LOW HITPOINT WARNING * * *
The orc priest hits you with a +0 flail.
You die...

.......#. ##
##........
#.####.........
...$...........
...............
. ......h......
... #...o).....
.....##.@o......
#...##......
#.#.# ..... #
#.. .##. .... #
..... .......
........
..........


You could see an orc warrior (strong), an orc priest (ally target) and a
friendly hound (summoned).

Vanquished Creatures
  A wyvern (D:7)
  A scorpion (D:5)
  A bullfrog (D:6)
  A necrophage (D:7)
  2 wights (D:7)
  3 killer bees (D:7)
  2 hounds
  3 orc priests
  An iguana (D:5)
  4 orc wizards
  4 adders
  A dart slug (D:2)
  3 orcs
  2 ball pythons
  3 endoplasms
  2 giant cockroaches
  4 goblins
  3 hobgoblins (D:1)
  A jackal (D:1)
  2 quokkas
  A bat (D:2)
  2 frilled lizards (D:2)
  4 kobolds
51 creatures vanquished.

Vanquished Creatures (collateral kills)
  Prince Ribbit (D:6)
  Sigmund (D:6)
  2 water moccasins
  An ice beast (D:5)
  2 ogres
  2 centaurs (D:6)
  A kobold brigand (D:6)
  A scorpion (D:6)
  3 wights (D:7)
  A killer bee (D:7)
  A howler monkey (D:6)
  2 hounds (D:5)
  3 jellies
  4 orc priests
  Jessica (D:2)
  Natasha (thrice) (D:3)
  An iguana (D:6)
  2 orc wizards
  Robin (D:3)
  6 adders
  A gnoll (D:2)
  A shadow imp (D:7)
  An ufetubus (D:6)
  2 dart slugs
  22 orcs
  5 ball pythons
  8 endoplasms
  A giant cockroach (D:4)
  7 goblins
  8 hobgoblins
  4 jackals
  A quokka (D:3)
  4 bats
  9 kobolds
  6 rats
119 creatures vanquished.

Grand Total: 170 creatures vanquished

Notes
Turn   | Place    | Note
-------+----------+-------------------------------------------
     0 | D:1      | firemarshallily the Merfolk Summoner began the quest for
                  | the Orb.
     0 | D:1      | Reached XP level 1. HP: 13/13 MP: 3/3
   115 | D:1      | Reached XP level 2. HP: 17/20 MP: 0/5
   188 | D:1      | Learned a level 2 spell: Call Imp
   466 | D:1      | Reached skill level 1 in Fighting
   473 | D:1      | Reached XP level 3. HP: 26/26 MP: 2/6
   597 | D:1      | Found a faded altar of an unknown god.
   960 | D:2      | Noticed Jessica
  1591 | D:2      | Reached XP level 4. HP: 32/32 MP: 5/8
  1618 | D:2      | Learned a level 3 spell: Call Canine Familiar
  1659 | D:2      | Killed Jessica
  1931 | D:2      | Identified the +1 ring mail of Ufilifaps {Rampage rPois rF+
                  | Slay+3}
  2423 | D:3      | Reached skill level 5 in Summonings
  2423 | D:3      | Reached XP level 5. HP: 29/38 MP: 9/9
  2825 | D:3      | Noticed Natasha
  2840 | D:3      | Killed Natasha
  2855 | D:3      | Noticed Natasha
  2864 | D:3      | Killed Natasha
  2876 | D:3      | Noticed Natasha
  2893 | D:3      | Killed Natasha
  3156 | D:3      | Noticed Robin
  3179 | D:3      | Killed Robin
  3180 | D:3      | Reached XP level 6. HP: 46/46 MP: 8/11
  3300 | D:3      | Found a sacrificial altar of Ru.
  4512 | D:5      | Entered Level 5 of the Dungeon
  4660 | D:5      | Found a staircase to the Ecumenical Temple.
  4680 | D:5      | Reached skill level 6 in Summonings
  4680 | D:5      | Reached XP level 7. HP: 45/52 MP: 6/13
  4742 | Temple   | Entered the Ecumenical Temple
  5137 | Temple   | Became a worshipper of Sif Muna the Loreminder
  5528 | D:5      | Reached skill level 5 in Spellcasting
  5768 | D:6      | Noticed Sigmund
  5768 | D:6      | Found Gudol's Armour Shop.
  5903 | D:6      | Reached skill level 7 in Summonings
  5903 | D:6      | Reached XP level 8. HP: 37/60 MP: 8/16
  6063 | D:6      | Noticed Prince Ribbit
  6078 | D:6      | Killed Prince Ribbit
  6233 | D:6      | Killed Sigmund
  6238 | D:6      | Reached skill level 5 in Fighting
  6239 | D:6      | Reached skill level 8 in Summonings
  6285 | D:6      | Reached XP level 9. HP: 41/68 MP: 6/19
  6477 | D:6      | Found Zafur's Weapon Boutique.
  6542 | D:6      | Bought a +3 leather armour of positive energy for 294 gold
                  | pieces
  6638 | D:6      | Found Aciaresu's Antique Weapon Boutique.
  6639 | D:6      | Found Omauto Ozxui's Weapon Shop.
  6669 | D:6      | Found Zanlyol's Assorted Antiques.
  6683 | D:6      | Bought a smoky coppery potion for 27 gold pieces
  6683 | D:6      | Bought a blue potion for 27 gold pieces
  6977 | D:7      | Reached skill level 1 in Polearms
  7027 | D:7      | Reached * piety under Sif Muna
  7477 | D:7      | Reached skill level 9 in Summonings
  7638 | D:7      | Learned a level 3 spell: Summon Guardian Golem
  7643 | D:7      | Learned a level 4 spell: Summon Lightning Spire
  8167 | D:7      | Found an ornate altar of the Wu Jian Council.
  8214 | D:8      | Noticed a four-headed hydra
  8237 | D:8      | Slain by an orc priest

Illustrated notes

Levels and vault maps discovered:
D:1:      dpeg_arrival_boxes_within_box, layout_rooms, basic_ecumenical_altar,
          chequers_jeans, kennysheep_small_spiral
D:2:      layout_rooms, minmay_randomly_rotated_circles, uniq_jessica
D:3:      layout_basic, marbit_many_paths, uniq_natasha, uniq_robin
D:4:      layout_gridville, serial_rivers, chequers_serial_rivers_micro_b,
          chequers_serial_rivers_micro_e, chequers_serial_rivers_micro_e,
          chequers_serial_rivers_micro_c, minmay_liquid_box
D:5:      layout_basic, minmay_temple_entry_arrows
D:6:      layout_basic, serial_shops, shop, nicolae_shop_advertising_works
          [nicolae_subvault_shop_adworks], shop_coins,
          nicolae_shop_bloodbath_and_beyond, shop, uniq_prince_ribbit1,
          uniq_sigmund
D:7:      layout_basic, lemuel_coloured_pillars_altar
D:8:      layout_cave_pools, david_lair_shrubbed, uniq_psyche, uniq_maurice
Temple:   mainiacjoe_temple_big_plus

Skill      XL: |  1  2  3  4  5  6  7  8  9 |
---------------+----------------------------+-----
Fighting       | 1 2 3 4 5 6 |  6.0
Spellcasting   | 3 4 5 6 7 |  7.8
Summonings     | 5 6 7 8 9 |  9.2
Polearms       | 3 |  3.2
Dodging        | |  2.6
Stealth        | |  2.1

Action                   |  1- 3 |  4- 6 |  7- 9 || total
-------------------------+-------+-------+-------++-------
Melee: Dagger            |    80 |    41 |       ||   121
       Unarmed           |     1 |       |       ||     1
       Short sword       |       |    28 |    41 ||    69
       Punch             |       |     1 |       ||     1
       Halberd           |       |       |    64 ||    64
 Cast: Summon Small Mamm |    31 |    43 |    47 ||   121
       Call Imp          |     9 |    17 |    21 ||    47
       Call Canine Famil |       |    17 |    29 ||    46
       Summon Lightning  |       |       |     1 ||     1
  Use: Scroll            |       |       |    14 ||    14
 Stab: Distracted        |     2 |       |     1 ||     3
       Sleeping          |     3 |     2 |     2 ||     7
Armor: Robe              |    20 |     7 |    17 ||    44
       Leather armour    |       |       |    23 ||    23
Dodge: Dodged            |    44 |    41 |    79 ||   164
